 Dungeon Crawl Stone Soup version 0.19.1-1-g22dce08 (webtiles) character file.

7861 Gurkenglas the Thaumaturge (level 11, 0/55 HPs)
             Began as a Deep Elf Wizard on Jan 2, 2017.
             Was a Priest of Vehumet.
             Slain by an unseen horror (9 damage)
             ... on level 11 of the Dungeon.
             The game lasted 02:00:45 (15804 turns).

Gurkenglas the Thaumaturge (Deep Elf Wizard)       Turns: 15804, Time: 02:00:47

Health: 0/55       AC:  3    Str:  4    XL:     11   Next: 2%
Magic:  4/31       EV: 19    Int: 27    God:    Vehumet [***...]
Gold:   560        SH:  0    Dex: 23    Spells: 13 memorised, 5 levels left

rFire  + . .     SeeInvis .     z - +5 quarterstaff (chaos)
rCold  x . .     Gourm    .     a - +0 robe
rNeg   . . .     Faith    .     (shield currently unavailable)
rPois  .         Spirit   .     b - +0 hat
rElec  .         Reflect  .     A - +0 cloak
rCorr  .         Harm     .     (no gloves)
MR     +....                    (no boots)
Stlth  ++++......               (no amulet)
                                M - ring of fire
                                C - +5 ring of dexterity

@: agile, swift (expiring), repel missiles, very quick
A: no striking features
a: Renounce Religion


You were on level 11 of the Dungeon.
You worshipped Vehumet.
Vehumet was most pleased with you.
You were near starving.

You visited 2 branches of the dungeon, and saw 12 of its levels.

You collected 560 gold pieces.

Inventory:

Hand Weapons
 z - a +5 quarterstaff of chaos (weapon)
 Z - a +0 dagger of holy wrath
Missiles
 I - 136 arrows
 T - 153 stones (quivered)
Armour
 a - a +0 robe (worn)
 b - a +0 hat (worn)
 A - a +0 cloak (worn)
Jewellery
 C - a +5 ring of dexterity (left hand)
 M - a ring of fire (right hand)
Wands
 e - a wand of random effects (26/48)
 J - a wand of polymorph (3/24)
 L - a wand of flame (12/48)
 R - a wand of iceblast (9/15)
 S - a wand of flame (31/48)
 W - a wand of flame (33/48)
Scrolls
 j - 2 scrolls of teleportation {unknown}
 l - a scroll of noise {unknown}
 m - 4 scrolls of magic mapping
 q - 3 scrolls of enchant weapon
 r - 4 scrolls of remove curse
 u - 3 scrolls of blinking {unknown}
 w - 3 scrolls of amnesia {unknown}
 x - 2 scrolls of immolation {unknown}
 y - a scroll of enchant armour {unknown}
 B - 3 scrolls of recharging
 H - a scroll of summoning {unknown}
 O - a scroll of brand weapon {unknown}
Potions
 g - a potion of resistance
 k - a potion of curing
 s - a potion of ambrosia {unknown}
 v - 3 potions of agility
 D - 2 potions of flight
 G - a potion of mutation {unknown}
 K - a potion of haste {unknown}
 Q - a potion of might {unknown}
 U - a potion of brilliance {unknown}
 V - a potion of invisibility {unknown}
Books
 c - a book of Minor Magic

   Spells                             Type                      Level
   a - Magic Dart                     Conjuration                  1
   b - Blink                          Translocation                2
   c - Call Imp                       Summoning                    2
   d - Repel Missiles                 Charms/Air                   2
   e - Slow                           Hexes                        2
   f - Conjure Flame                  Conjuration/Fire             3
   g - Mephitic Cloud                 Conjuration/Poison/Air       3
 f - a book of Air

   Spells                             Type                      Level
   a - Shock                          Conjuration/Air              1
   b - Swiftness                      Charms/Air                   2
   c - Repel Missiles                 Charms/Air                   2
   d - Static Discharge               Conjuration/Air              3
   e - Lightning Bolt                 Conjuration/Air              5
 E - a book of Ice

   Spells                             Type                      Level
   a - Ice Form                       Ice/Transmutation            4
   b - Metabolic Englaciation         Hexes/Ice                    5
   c - Ozocubu's Refrigeration        Ice                          6
   d - Bolt of Cold                   Conjuration/Ice              6
   e - Freezing Cloud                 Conjuration/Ice/Air          6
   f - Simulacrum                     Ice/Necromancy               6
 N - a book of Conjurations

   Spells                             Type                      Level
   a - Magic Dart                     Conjuration                  1
   b - Searing Ray                    Conjuration                  2
   c - Dazzling Spray                 Conjuration/Hexes            3
   d - Fulminant Prism                Conjuration/Hexes            4
   e - Iskenderun's Mystic Blast      Conjuration                  4
   f - Iskenderun's Battlesphere      Conjuration/Charms           5
 P - a book of Maledictions

   Spells                             Type                      Level
   a - Corona                         Hexes                        1
   b - Ensorcelled Hibernation        Hexes/Ice                    2
   c - Confuse                        Hexes                        3
   d - Tukima's Dance                 Hexes                        3
   e - Dazzling Spray                 Conjuration/Hexes            3
 X - a book of Misfortune

   Spells                             Type                      Level
   a - Confusing Touch                Hexes                        1
   b - Confuse                        Hexes                        3
   c - Gell's Gravitas                Hexes/Translocation          3
   d - Petrify                        Transmutation/Earth          4
   e - Metabolic Englaciation         Hexes/Ice                    5
   f - Yara's Violent Unravelling     Hexes/Transmutation          5
Comestibles
 d - 6 bread rations
 h - 24 fruits
 i - a slice of pizza
 o - a beef jerky
 p - 9 meat rations
 F - 2 royal jellies


   Skills:
 + Level 0.7 Fighting
 + Level 3.4 Dodging
 + Level 4.9 Stealth
 + Level 14.7 Spellcasting
 + Level 9.9 Conjurations
 + Level 2.6 Hexes
 + Level 1.9 Charms
 + Level 3.5 Summonings
 + Level 4.5 Translocations
 + Level 3.5 Fire Magic
 + Level 2.4 Air Magic
 + Level 2.0 Poison Magic


You had 5 spell levels left.
You knew the following spells:

 Your Spells              Type           Power        Failure   Level  Hunger
a - Magic Dart            Conj           ####         1%          1    None
b - Call Imp              Summ           #####...     1%          2    None
c - Repel Missiles        Chrm/Air       ####..       1%          2    None
d - Blink                 Tloc           N/A          1%          2    None
e - Conjure Flame         Conj/Fire      ######..     1%          3    None
f - Mephitic Cloud        Conj/Pois/Air  #####...     1%          3    None
g - Lightning Bolt        Conj/Air       ######....   2%          5    #......
h - Sandblast             Erth           ###...       1%          1    None
i - Swiftness             Chrm/Air       ####....     1%          2    None
j - Confuse               Hex            ####....     2%          3    None
k - Searing Ray           Conj           ######       1%          2    None
l - Gell's Gravitas       Hex/Tloc       #####.....   1%          3    None
m - Iskenderun's Battles  Conj/Chrm      ######..     2%          5    #......


Dungeon Overview and Level Annotations

Branches:
Dungeon (11/15)            Temple (1/1) D:6
   Lair: D:8-11         Orc: D:9-12

Altars:
Ashenzari
Cheibriados
Dithmenos
Elyvilon
Fedhas
Gozag
Hepliaklqana
Kikubaaqudgha
Makhleb
Nemelex Xobeh
Okawaru
Qazlal
Ru
Sif Muna
Trog
Uskayaw
Vehumet
Xom
Yredelemnul
Zin
The Shining One

Shops:
D:4 }   D:5 (


Message History

* * * LOW HITPOINT WARNING * * *
Okay, then.
Casting: Conjure Flame
Confirm with . or Enter, or press ? or * to list all spells.
Okay, then.
Casting: Conjure Flame
Confirm with . or Enter, or press ? or * to list all spells.
You blink.
Casting: Blink
Confirm with . or Enter, or press ? or * to list all spells.
A beastly little devil appears in a puff of frigid air.
Something closely misses you. x2
You swap places.
Something hits your white imp. x2
Casting: Call Imp
Confirm with . or Enter, or press ? or * to list all spells.
A beastly little devil appears in a puff of flame.
Something hits your white imp!
Your white imp dies!
Something hits you!
You die...

...........#...#
#.##.......#..# ##
#.##........... .# #.#
#.##.......#.# .#
#.####.##.......#.# .#
#.#.....).......#.# .#
#.#(†5.....###.##.###.##
#.#((#.####..§....)....#
#.#..#.@.t...####.###..#
#.#..######..# #.# ..#
#.#..######..# #.# ..#
##............# #.. ...
#.......####.... .>. #.#
#.#.....####..## ##.# ##
#.#.....<.##..# .#
#.#.....#.##..#
#.......#.##..#


You could see a crocodile and a friendly crimson imp.

Vanquished Creatures
  A hydra (D:10)
  A hill giant (D:10)
  4 trolls
  3 hippogriffs
  A steam dragon (D:10)
  2 water moccasins
  Purgy (D:4)
  4 sky beasts
  4 orc warriors
  5 phantoms
  2 ice beasts
  2 necrophages
  9 ogres
  2 centaurs
  4 big kobolds
  5 bullfrogs
  4 scorpions
  A water moccasin skeleton (D:9)
  A howler monkey (D:6)
  2 crimson imps
  5 bullfrog zombies
  5 orc priests
  12 orc wizards
  3 jellies
  Crazy Yiuf (D:4)
  8 hounds
  3 iguanas
  3 worker ants
  3 hound skeletons
  11 adders
  2 howler monkey skeletons
  A shadow imp (D:9)
  2 oozes
  An adder skeleton (D:9)
  4 worms
  A dart slug (D:1)
  5 leopard geckos
  48 orcs
  A ball python (D:5)
  4 bats
  3 giant cockroaches
  3 goblins
  7 hobgoblins
  9 jackals
  19 kobolds
  4 quokkas
  6 frilled lizards
  A leopard gecko skeleton (D:5)
  A quokka skeleton (D:4)
  3 rats
237 creatures vanquished.

Vanquished Creatures (collateral kills)
  A crimson imp (D:7)
  An orc wizard (D:4)
  4 bats (D:2)
  2 giant cockroaches (D:1)
  A hobgoblin (D:1)
  2 ball pythons (D:1)
  2 goblins (D:1)
  5 kobolds
18 creatures vanquished.

Grand Total: 255 creatures vanquished

Notes
Turn   | Place    | Note
-------+----------+-------------------------------------------
     0 | D:1      | Gurkenglas the Deep Elf Wizard began the quest for the Orb.
     0 | D:1      | Reached XP level 1. HP: 10/10 MP: 7/7
   268 | D:2      | Reached XP level 2. HP: 15/15 MP: 5/9
   272 | D:2      | Learned a level 2 spell: Call Imp
   309 | D:2      | Learned a level 2 spell: Repel Missiles
   312 | D:2      | Learned a level 2 spell: Blink
   347 | D:2      | Reached skill level 5 in Spellcasting
   885 | D:2      | Reached XP level 3. HP: 19/19 MP: 4/11
  1798 | D:2      | Found a snail-covered altar of Cheibriados.
  2119 | D:1      | Learned a level 3 spell: Conjure Flame
  2123 | D:1      | Learned a level 3 spell: Mephitic Cloud
  2380 | D:1      | Reached XP level 4. HP: 18/24 MP: 6/13
  3546 | D:3      | Reached skill level 6 in Spellcasting
  4202 | D:4      | Reached XP level 5. HP: 24/28 MP: 9/15
  4285 | D:4      | Found Muusent's Gadget Shoppe.
  4351 | D:4      | Noticed Purgy
  4790 | D:4      | Killed Purgy
  4790 | D:4      | Reached skill level 7 in Spellcasting
  4790 | D:4      | Reached XP level 6. HP: 32/32 MP: 4/18
  4830 | D:4      | Found a runed door.
  5041 | D:4      | Reached skill level 1 in Fire Magic
  5254 | D:4      | Noticed Crazy Yiuf
  5259 | D:4      | Killed Crazy Yiuf
  5330 | D:5      | Entered Level 5 of the Dungeon
  5370 | D:5      | Found a sparkling altar of Nemelex Xobeh.
  5624 | D:5      | Noticed a sky beast
  5632 | D:5      | Killed a sky beast
  5632 | D:5      | Reached skill level 8 in Spellcasting
  5632 | D:5      | Reached XP level 7. HP: 36/36 MP: 9/20
  5856 | D:5      | Found a hide-covered altar of Uskayaw.
  6047 | D:5      | Found Juehipse's Weapon Boutique.
  6076 | D:5      | Reached skill level 9 in Spellcasting
  6473 | D:6      | Found a staircase to the Ecumenical Temple.
  6497 | Temple   | Entered the Ecumenical Temple
  6626 | Temple   | Became a worshipper of Vehumet
  6754 | D:6      | Reached skill level 1 in Poison Magic
  6790 | D:6      | Reached skill level 5 in Conjurations
  6851 | D:6      | Reached XP level 8. HP: 41/41 MP: 9/23
  7340 | D:6      | Reached skill level 10 in Spellcasting
  7340 | D:6      | Reached skill level 1 in Air Magic
  8349 | D:7      | Noticed a hippogriff
  8360 | D:7      | Killed a hippogriff
  8360 | D:7      | Reached skill level 11 in Spellcasting
  8670 | D:7      | Reached * piety under Vehumet
  8670 | D:7      | Offered knowledge of Sandblast by Vehumet.
  8670 | D:7      | Reached XP level 9. HP: 45/45 MP: 12/26
  8825 | D:7      | Learned a level 5 spell: Lightning Bolt
  8827 | D:7      | Learned a level 1 spell: Sandblast
  8934 | D:7      | Learned a level 2 spell: Swiftness
  9104 | D:7      | Learned a level 3 spell: Confuse
  9846 | D:7      | Noticed a hill giant
  9847 | D:7      | Noticed a hill giant
  9903 | D:7      | Learned a level 2 spell: Searing Ray
 10069 | D:7      | Noticed a troll
 10082 | D:7      | Killed a troll
 10082 | D:7      | Reached skill level 1 in Hexes
 10275 | D:7      | Reached skill level 12 in Spellcasting
 11338 | D:8      | Found a deep blue altar of Sif Muna.
 11338 | D:8      | Found a shattered altar of Ashenzari.
 11338 | D:8      | Found a hazy altar of Hepliaklqana.
 11342 | D:8      | Noticed a troll
 11360 | D:8      | Killed a troll
 11651 | D:8      | Found a bloodstained altar of Trog.
 11651 | D:8      | Found a shimmering altar of Xom.
 11658 | D:8      | Found a faded altar of an unknown god.
 11660 | D:8      | Found a faded altar of an unknown god.
 11662 | D:8      | Found a stormy altar of Qazlal.
 12099 | D:9      | Found a white marble altar of Elyvilon.
 12268 | D:9      | Reached skill level 13 in Spellcasting
 12279 | D:9      | Reached XP level 10. HP: 51/51 MP: 13/29
 12760 | D:9      | Found an opulent altar of Gozag.
 12762 | D:9      | Found a glowing silver altar of Zin.
 13147 | D:9      | Offered knowledge of Throw Frost by Vehumet.
 13148 | D:9      | Reached ** piety under Vehumet
 13645 | D:10     | Entered Level 10 of the Dungeon
 13772 | D:10     | Noticed a six-headed hydra
 13986 | D:9      | Learned a level 3 spell: Gell's Gravitas
 13992 | D:9      | Learned a level 5 spell: Iskenderun's Battlesphere
 14640 | D:10     | Reached skill level 14 in Spellcasting
 14840 | D:10     | Offered knowledge of Inner Flame by Vehumet.
 15212 | D:10     | Killed a six-headed hydra
 15212 | D:10     | Reached skill level 1 in Charms
 15376 | D:10     | Noticed a hill giant
 15388 | D:10     | Killed a hill giant
 15637 | D:11     | Reached XP level 11. HP: 55/55 MP: 23/31
 15648 | D:10     | Reached *** piety under Vehumet
 15804 | D:11     | Slain by an unseen horror

Skill      XL: |  1  2  3  4  5  6  7  8  9 10 |
---------------+-------------------------------+-----
Spellcasting   | 5 6 7 8 9 11 13 14 | 14.7
Stealth        | 3 4 |  4.9
Conjurations   | 2 3 4 5 6 8 9 |  9.9
Summonings     | 2 3 |  3.5
Fire Magic     | 1 3 |  3.5
Translocations | 2 3 4 |  4.5
Poison Magic   | 1 2 |  2.0
Air Magic      | 1 2 |  2.4
Dodging        | 3 |  3.4
Hexes          | 2 |  2.6
Charms         | 1 |  1.9
Fighting       | |  0.7

Action                   |  1- 3 |  4- 6 |  7- 9 | 10-12 || total
-------------------------+-------+-------+-------+-------++-------
Melee: Unarmed           |     1 |       |       |       ||     1
       Quarterstaff      |       |       |     3 |       ||     3
 Cast: Magic Dart        |    69 |   161 |   314 |   152 ||   696
       Call Imp          |    16 |     3 |     7 |     6 ||    32
       Blink             |     2 |     2 |    15 |    19 ||    38
       Repel Missiles    |     1 |     1 |     1 |     2 ||     5
       Conjure Flame     |     2 |    11 |    40 |    32 ||    85
       Mephitic Cloud    |       |     6 |     9 |     4 ||    19
       Searing Ray       |       |       |    22 |    44 ||    66
       Confuse           |       |       |     5 |       ||     5
       Lightning Bolt    |       |       |     3 |     2 ||     5
       Swiftness         |       |       |     2 |     3 ||     5
       Sandblast         |       |       |     1 |     3 ||     4
       Iskenderun's Batt |       |       |       |     6 ||     6
       Gell's Gravitas   |       |       |       |     5 ||     5
  Use: Scroll            |     1 |       |     2 |    13 ||    16
       Potion            |       |       |     1 |     6 ||     7
  Eat: Chunk             |     3 |     7 |    10 |    11 ||    31
       Pizza             |       |     1 |     1 |       ||     2
       Bread ration      |       |     1 |       |       ||     1
       Meat ration       |       |       |     1 |       ||     1
Armor: Robe              |     2 |     2 |     2 |     6 ||    12
Dodge: Dodged            |    22 |    10 |    30 |    27 ||    89
       Deflected         |     2 |       |     3 |     6 ||    11
